 Dungeon Crawl Stone Soup version 0.21.1-1-g345015f (webtiles) character file.

584 prawnwizard the Magician (level 7, -12/51 HPs)
             Began as a Gnoll Wizard on July 17, 2018.
             Killed by nerve-wracking pain
             ... invoked by an orc priest
              (14 damage)
             ... on level 4 of the Dungeon.
             The game lasted 00:07:47 (3896 turns).

prawnwizard the Magician (Gnoll Wizard)             Turns: 3896, Time: 00:07:48

Health: -12/51     AC:  9    Str:  9    XL:     7   Next: 37%
Magic:  18/18      EV: 12    Int: 29    God:
Gold:   224        SH:  4    Dex: 13    Spells: 20/21 levels left

rFire    . . .     SeeInvis .   g - +0 hand axe (elec)
rCold    . . .     Gourm    .   t - +0 buckler
rNeg     . . .     Faith    .   j - +4 ring mail
rPois    .         Spirit   .   b - +0 hat
rElec    .         Reflect  .   (no cloak)
rCorr    +         Harm     .   (no gloves)
MR       .....                  (no boots)
Stlth    ++........             (no amulet)
HPRegen  0.17/turn              i - ring of resist corrosion
MPRegen  0.16/turn              A - +6 ring of intelligence

@: no status effects
A: distributed training, fangs 1, strong nose
a: no special abilities


You were on level 4 of the Dungeon.
You were not hungry.

You visited 1 branch of the dungeon, and saw 4 of its levels.

You collected 224 gold pieces.

Inventory:

Hand Weapons
 g - a +0 hand axe of electrocution (weapon)
Armour
 a - a +0 robe
 b - a +0 hat (worn)
 j - a +4 ring mail (worn)
 t - a +0 buckler (worn)
Jewellery
 i - a ring of resist corrosion (left hand)
 p - an uncursed ring of positive energy
 A - a +6 ring of intelligence (right hand)
Scrolls
 f - 2 scrolls of teleportation
 u - a scroll of enchant weapon {unknown}
 v - a scroll of random uselessness {unknown}
 w - a scroll of fear {unknown}
 y - a scroll of remove curse {unknown}
Potions
 k - 2 potions of curing
 l - a potion of heal wounds
 q - 4 potions of lignification
 r - a potion of flight
 s - a potion of agility
 x - a potion of cancellation {unknown}
 z - 2 potions of mutation
Books
 c - a book of Minor Magic

   Spells                             Type                      Level
   a - Magic Dart                     Conjuration                  1
   b - Blink                          Translocation                2
   c - Call Imp                       Summoning                    2
   d - Slow                           Hexes                        2
   e - Conjure Flame                  Conjuration/Fire             3
   f - Mephitic Cloud                 Conjuration/Poison/Air       3
Comestibles
 d - 6 rations


   Skills:
 + Level 2.4 Fighting
 + Level 2.4 Short Blades
 + Level 2.4 Long Blades
 + Level 2.4 Axes
 + Level 2.4 Maces & Flails
 + Level 2.4 Polearms
 + Level 2.4 Staves
 + Level 2.4 Slings
 + Level 2.4 Bows
 + Level 2.4 Crossbows
 + Level 2.4 Throwing
 + Level 2.4 Armour
 + Level 5.2 Dodging
 + Level 4.8 Stealth
 + Level 2.4 Shields
 + Level 2.4 Unarmed Combat
 + Level 7.6 Spellcasting
 + Level 2.9 Conjurations
 + Level 2.0 Hexes
 + Level 2.0 Charms
 + Level 2.9 Summonings
 + Level 2.0 Necromancy
 + Level 2.9 Translocations
 + Level 2.0 Transmutations
 + Level 2.0 Fire Magic
 + Level 2.0 Ice Magic
 + Level 2.0 Air Magic
 + Level 2.0 Earth Magic
 + Level 2.0 Poison Magic
 + Level 2.6 Invocations
 + Level 2.4 Evocations


You had 20 spell levels left.
You knew the following spells:

 Your Spells              Type           Power        Failure   Level  Hunger
a - Magic Dart            Conj           ####         4%          1    None


Dungeon Overview and Level Annotations

Branches:
Dungeon (4/15)
 Temple: D:4-7

Altars:
Makhleb
Okawaru
Qazlal


Innate Abilities, Weirdness & Mutations

Your experience applies equally to all skills.
You have very sharp teeth.
Your uncanny sense of smell can sniff out nearby items.


Message History

The orc priest is severely wounded.
You hit the orc but do no damage.
You hit the orc priest but do no damage.
You hit the orc.
The orc priest hits you but does no damage.
You block the orc's attack. The orc priest barely misses you.
The orc barely misses you.
The orc priest hits you with a falchion.
The orc priest invokes the aid of Beogh against you.
Beogh smites you!
* * * LOW HITPOINT WARNING * * *
The orc hits you with a hand axe.
* * * LOW HITPOINT WARNING * * *
You see here a giant cockroach corpse.
The orc priest invokes the aid of Beogh against you.
You struggle to resist.
Unknown command.
The orc priest invokes the aid of Beogh against you.
Pain shoots through your body!
You die...

* ############ ##### *
#..).......# #.... * #..........#
########.... *
#..........######........... *
#........o.@.............### *
#.........o###...........# #
#......oo..# #...........# #
#..........# #...........#*#
######.....)....#*####.......##*#
o....................'...>...#**#
............##########.......#*8.
..a.........***#### #.......#*..
............',,,..# #.......#8,,


You could see 2 orc priests and 2 orcs.

Vanquished Creatures
  2 scorpions (D:4)
  A gnoll shaman (D:4)
  2 bullfrog skeletons
  3 hounds (D:4)
  Natasha (thrice) (D:2)
  2 worker ants
  8 adders
  4 gnolls (D:4)
  A worm (D:2)
  3 dart slugs
  A leopard gecko (D:3)
  7 orcs
  7 bats
  7 giant cockroaches
  9 goblins
  7 hobgoblins
  A quokka (D:2)
  5 frilled lizards
  6 kobolds
  8 rats
87 creatures vanquished.

Notes
Turn   | Place    | Note
-------+----------+-------------------------------------------
     0 | D:1      | prawnwizard the Gnoll Wizard began the quest for the Orb.
     0 | D:1      | Reached XP level 1. HP: 13/13 MP: 8/8
   104 | D:1      | Reached XP level 2. HP: 16/19 MP: 8/10
   732 | D:1      | Reached XP level 3. HP: 25/25 MP: 11/11
  1257 | D:2      | Reached skill level 1 in Invocations
  1300 | D:2      | Reached skill level 1 in Fighting
  1300 | D:2      | Reached skill level 1 in Short Blades
  1300 | D:2      | Reached skill level 1 in Long Blades
  1300 | D:2      | Reached skill level 1 in Axes
  1300 | D:2      | Reached skill level 1 in Maces & Flails
  1300 | D:2      | Reached skill level 1 in Polearms
  1300 | D:2      | Reached skill level 1 in Staves
  1300 | D:2      | Reached skill level 1 in Slings
  1300 | D:2      | Reached skill level 1 in Bows
  1300 | D:2      | Reached skill level 1 in Crossbows
  1300 | D:2      | Reached skill level 1 in Throwing
  1300 | D:2      | Reached skill level 1 in Armour
  1300 | D:2      | Reached skill level 1 in Shields
  1300 | D:2      | Reached skill level 1 in Unarmed Combat
  1300 | D:2      | Reached skill level 1 in Evocations
  1300 | D:2      | Reached XP level 4. HP: 28/32 MP: 13/13
  1424 | D:2      | Found a burning altar of Makhleb.
  1877 | D:2      | Noticed Natasha
  1883 | D:2      | Killed Natasha
  1883 | D:2      | Reached skill level 1 in Hexes
  1883 | D:2      | Reached skill level 1 in Charms
  1883 | D:2      | Reached skill level 1 in Necromancy
  1883 | D:2      | Reached skill level 1 in Transmutations
  1883 | D:2      | Reached skill level 1 in Fire Magic
  1883 | D:2      | Reached skill level 1 in Ice Magic
  1883 | D:2      | Reached skill level 1 in Air Magic
  1883 | D:2      | Reached skill level 1 in Earth Magic
  1883 | D:2      | Reached skill level 1 in Poison Magic
  1918 | D:2      | Noticed Natasha
  1921 | D:2      | Killed Natasha
  1921 | D:2      | Reached XP level 5. HP: 33/37 MP: 14/14
  2054 | D:2      | Noticed Natasha
  2057 | D:2      | Killed Natasha
  2518 | D:3      | Reached XP level 6. HP: 18/44 MP: 12/16
  2783 | D:3      | Found a stormy altar of Qazlal.
  2789 | D:3      | Found an iron altar of Okawaru.
  2967 | D:4      | Reached skill level 5 in Dodging
  3308 | D:4      | Reached XP level 7. HP: 50/50 MP: 18/18
  3893 | D:4      | HP: 2/51 [orc/hand axe (3)]
  3896 | D:4      | Killed from afar by an orc priest

Skill      XL: |  1  2  3  4  5  6  7 |
---------------+----------------------+-----
Conjurations   | 2 |  2.9
Summonings     | 2 |  2.9
Translocations | 2 |  2.9
Invocations    | 1 2 |  2.6
Fighting       | 1 2 |  2.4
Short Blades   | 1 2 |  2.4
Long Blades    | 1 2 |  2.4
Axes           | 1 2 |  2.4
Maces & Flails | 1 2 |  2.4
Polearms       | 1 2 |  2.4
Staves         | 1 2 |  2.4
Slings         | 1 2 |  2.4
Bows           | 1 2 |  2.4
Crossbows      | 1 2 |  2.4
Throwing       | 1 2 |  2.4
Armour         | 1 2 |  2.4
Shields        | 1 2 |  2.4
Unarmed Combat | 1 2 |  2.4
Evocations     | 1 2 |  2.4
Hexes          | 1 2 |  2.0
Charms         | 1 2 |  2.0
Necromancy     | 1 2 |  2.0
Transmutations | 1 2 |  2.0
Fire Magic     | 1 2 |  2.0
Ice Magic      | 1 2 |  2.0
Air Magic      | 1 2 |  2.0
Earth Magic    | 1 2 |  2.0
Poison Magic   | 1 2 |  2.0
Dodging        | 5 |  5.2
Stealth        | |  4.8
Spellcasting   | |  7.6

Action                   |  1- 3 |  4- 6 |  7- 9 || total
-------------------------+-------+-------+-------++-------
Melee: Unarmed           |    21 |       |       ||    21
       Hand axe          |    51 |   119 |    67 ||   237
       Bite              |     3 |     5 |    10 ||    18
 Cast: Magic Dart        |    16 |    12 |     6 ||    34
  Use: Scroll            |       |       |    10 ||    10
 Stab: Sleeping          |     8 |     4 |       ||    12
  Eat: Chunk             |     1 |     7 |     2 ||    10
Armor: Robe              |     2 |       |       ||     2
       Ring mail         |    15 |    53 |    21 ||    89
Dodge: Dodged            |    40 |    96 |    55 ||   191
Block: Buckler           |       |    31 |    32 ||    63
